 Dungeon Crawl Stone Soup version 0.29-a0-620-g13ace881f2 (webtiles) character file.

Game seed: 17444170541026783158

2814 Sabo the Cleaver (level 9, -2/57 HPs)
             Began as a Gargoyle Monk on June 18, 2022.
             Was an Elder of Dithmenos.
             Slain by a yak (4 damage)
             ... on level 7 of the Dungeon.
             The game lasted 00:38:56 (7515 turns).

Sabo the Cleaver (Gargoyle Monk)                    Turns: 7515, Time: 00:38:57

Health: -2/57      AC: 16    Str: 18    XL:     9   Next: 72%
Magic:  0/9        EV: 13    Int: 18    God:    Dithmenos [****..]
Gold:   398        SH:  5    Dex: 16    Spells: 8/8 levels left

rFire   . . .      SeeInvis .   a - +2 hand axe
rCold   . . .      Faith    .   g - +0 buckler
rNeg    + . .      Spirit   +   E - +3 leather armour {Will+}
rPois   ∞          Reflect  .   u - +0 helmet
rElec   +          Harm     .   (no cloak)
rCorr   .          Rampage  .   (no gloves)
Will    +....                   t - +1 pair of boots
Stlth   +++.......              f - amulet of guardian spirit
HPRegen 0.19/turn               y - ring of Caust {Contam +Blink Fly rElec Dex+4}
MPRegen 0.11/turn               B - +6 ring of intelligence

@: flying, wreathed by umbra
A: sickness immunity, AC +6, negative energy resistance 1, electricity
resistance, torment resistance 1, petrification resistance
a: Renounce Religion, Evoke Blink, Shadow Step


You were on level 7 of the Dungeon.
You worshipped Dithmenos.
Dithmenos was greatly pleased with you.
You visited 1 branch of the dungeon, and saw 7 of its levels.

You collected 398 gold pieces.

Inventory:

Hand Weapons
 a - a +2 hand axe (weapon)
 b - a +2 dagger of venom
 l - a +3 short sword
 s - a +0 shortbow
 D - a +0 falchion
 F - a +2 mace of protection
Missiles
 k - 2 poisoned darts
 x - 2 throwing nets
Armour
 g - a +0 buckler (worn)
 t - a +1 pair of boots (worn)
 u - a +0 helmet (worn)
 E - a +3 leather armour of willpower (worn)
Jewellery
 e - an amulet of the acrobat
 f - an amulet of guardian spirit (around neck)
 y - the ring of Caust (left hand) {Contam +Blink Fly rElec Dex+4}
   (You found it on level 4 of the Dungeon)

   [ring of flight]

   Dex:       It affects your dexterity (+4).
   rElec:     It insulates you from electricity.
   Fly:       It grants you flight.
   +Blink:    It lets you blink.
   Contam:    It causes magical contamination when unequipped.
 B - a +6 ring of intelligence (right hand)
Wands
 h - a wand of paralysis (9)
 m - a wand of iceblast (3)
 q - a wand of mindburst (13)
 v - a wand of quicksilver (4) (quivered)
 H - a wand of polymorph (8)
Scrolls
 d - a scroll of silence
 j - 2 scrolls of enchant weapon
 o - a scroll of magic mapping
 z - a scroll of identify
 A - a scroll of teleportation
 G - 2 scrolls of poison
Potions
 c - 3 potions of resistance
 i - a potion of brilliance
 n - 2 potions of curing
 r - a potion of degeneration {unknown}
 w - a potion of haste {unknown}
 C - a potion of cancellation {unknown}
 I - 2 potions of might


   Skills:
 + Level 7.1 Fighting
 + Level 8.5 Axes
 + Level 5.3 Armour
 + Level 4.4 Dodging
 + Level 3.5 Stealth
 + Level 2.2 Shields
 + Level 1.5 Evocations


You had 8 spell levels left.
You didn't know any spells.
Your spell library contained the following spells:

 Spells                   Type           Power      Damage    Failure   Level
 Beastly Appendage        Tmut           0%         N/A       34%         1
 Wereblood                Tmut           0%         N/A       45%         2
 Ignite Poison            Fire/Tmut/Pois 0%         N/A       71%         3
 Mephitic Cloud           Conj/Pois/Air  0%         N/A       71%         3
 Spider Form              Tmut/Pois      0%         N/A       71%         3
 Freezing Cloud           Conj/Ice/Air   0%         6-21      100%        5


Dungeon Overview and Level Annotations

Branches:
Dungeon (7/15)             Temple (0/1) D:6

Altars:
Dithmenos
Ru
Uskayaw

Annotations:
D:3 1 runed translucent door, shoop's ghost, amateur MeTm


Innate Abilities, Weirdness & Mutations

You are immune to sickness and miasma.
Your stone body is resilient. (AC +6)
You are immune to poison.
You resist negative energy. (rN+)
You are resistant to electric shocks. (rElec)
You are resistant to unholy torment.
You are immune to petrification.


Message History

The yak is heavily wounded.
The yak gores you but does no damage.
As you read the scroll of fear, it crumbles to dust.
You assume a fearsome visage.
The yak looks frightened! x4
The orc looks frightened!
The orc priest looks frightened!
Cornered, the yak turns to fight!
The yak barely misses you.
You closely miss the yak.
The yak is moderately wounded.
The yak closely misses you.
You hit the yak.
The yak is heavily wounded.
The yak gores you.
* * * LOW HITPOINT WARNING * * *
You hit the yak.
The yak is severely wounded.
Your shadow closely misses the yak.
You block the yak's attack.
You barely miss the yak.
The yak is severely wounded.
The yak gores you.
* * * LOW HITPOINT WARNING * * *
The yak bellows!
You hit the yak but do no damage.
The yak is severely wounded.
The yak gores you but does no damage.
You hit the yak.
The yak is severely wounded.
The yak seems to regain its courage.
The yak gores you!
* * * LOW HITPOINT WARNING * * *
You hit the yak.
The yak is severely wounded.
The yak gores you.
* * * LOW HITPOINT WARNING * * *
You hit the yak.
The yak is severely wounded.
You block the yak's attack.
You hit the yak but do no damage.
The yak is severely wounded.
The yak gores you!
You die...

#.###.)#
#Y####..
#.##....
##Y##.#..
#.Y).....
#.###)### #†#
#.#
#+#########o#
#)#
#.@YYYY))))Y#
#.#
#############
#.### #.#.#
#..#. ###.#
#.# #.# #.#
####.#


You could see 4 yaks.

Vanquished Creatures
  Sigmund (D:6)
  2 yaks (D:7)
  Eustachio (D:5)
  A steam dragon (D:6)
  Duvessa (D:6)
  A water moccasin (D:6)
  An ice beast (D:5)
  An orc warrior (D:7)
  A black bear (D:6)
  A centaur (D:3)
  3 phantoms
  2 necrophages (D:6)
  2 gnoll sergeants
  A bullfrog (D:6)
  3 scorpions
  Dowan (D:6)
  7 killer bees (D:7)
  3 hounds (D:5)
  2 jellies
  Natasha (thrice) (D:4)
  Robin (D:4)
  11 gnolls
  7 adders
  A shadow imp (D:7)
  A white imp (D:5)
  A worm (D:2)
  3 dart slugs
  9 orcs
  A bat (D:2)
  7 endoplasms
  3 giant cockroaches
  11 goblins
  9 hobgoblins
  4 jackals (D:1)
  4 kobolds
  A quokka (D:1)
  5 ball pythons
  4 rats
121 creatures vanquished.

Vanquished Creatures (others)
  11 plants (D:4)
  2 withered plants (D:3)
13 creatures vanquished.

Grand Total: 134 creatures vanquished

Notes
Turn   | Place    | Note
-------+----------+-------------------------------------------
     0 | D:1      | Sabo the Gargoyle Monk began the quest for the Orb.
     0 | D:1      | Reached XP level 1. HP: 14/14 MP: 1/1
   314 | D:1      | Reached XP level 2. HP: 3/19 MP: 2/2
   744 | D:1      | Reached skill level 3 in Axes
   947 | D:1      | Found a faded altar of an unknown god.
   965 | D:1      | Prayed at the altar of an unknown god.
   965 | D:1      | Became a worshipper of Dithmenos the Shadowed
   965 | D:1      | Reached * piety under Dithmenos
   965 | D:1      | Reached ** piety under Dithmenos
  1427 | D:2      | Reached XP level 3. HP: 23/23 MP: 3/3
  1790 | D:2      | Reached *** piety under Dithmenos
  2280 | D:3      | Noticed a centaur
  2284 | D:3      | Killed a centaur
  2285 | D:3      | Reached skill level 1 in Armour
  2285 | D:3      | Reached XP level 4. HP: 3/29 MP: 0/4
  2285 | D:3      | Reached XP level 5. HP: 4/33 MP: 0/5
  2291 | D:3      | Reached skill level 4 in Axes
  2823 | D:3      | Found a runed translucent door.
  2823 | D:3      | Noticed shoop's ghost (amateur MeTm)
  3033 | D:4      | Noticed Natasha
  3049 | D:4      | Killed Natasha
  3255 | D:4      | Noticed Robin
  3266 | D:4      | Killed Robin
  3376 | D:4      | Reached XP level 6. HP: 39/39 MP: 6/6
  3933 | D:4      | Identified the ring of Caust {Contam +Blink Fly rElec
                  | Dex+4}
  4035 | D:4      | Noticed Natasha
  4056 | D:4      | Killed Natasha
  4059 | D:4      | Reached skill level 5 in Axes
  4210 | D:4      | Reached XP level 7. HP: 41/44 MP: 7/7
  4258 | D:4      | Noticed Natasha
  4269 | D:4      | Killed Natasha
  4270 | D:4      | Reached skill level 5 in Fighting
  4497 | D:5      | Entered Level 5 of the Dungeon
  4896 | D:5      | Reached **** piety under Dithmenos
  5093 | D:5      | Found a sacrificial altar of Ru.
  5113 | D:5      | Reached skill level 6 in Axes
  5264 | D:5      | Noticed a +0 short sword
  5270 | D:5      | Noticed Eustachio
  5278 | D:5      | Noticed a +0 short sword
  5351 | D:5      | Noticed a +0 falchion
  5352 | D:5      | Noticed a +0 spear
  5352 | D:5      | Noticed a +0 spear
  5353 | D:5      | Noticed a +0 falchion
  5353 | D:5      | Noticed a +0 dagger
  5353 | D:5      | Noticed a +0 dagger
  5365 | D:5      | Reached XP level 8. HP: 47/50 MP: 8/8
  5408 | D:5      | Found a hide-covered altar of Uskayaw.
  5432 | D:5      | Killed Eustachio
  5645 | D:6      | Noticed Sigmund
  5662 | D:6      | Killed Sigmund
  5816 | D:6      | Reached skill level 7 in Axes
  5816 | D:6      | Reached skill level 1 in Evocations
  5874 | D:6      | Found a staircase to the Ecumenical Temple.
  5874 | D:6      | Noticed Dowan
  5898 | D:6      | Noticed Duvessa
  5940 | D:6      | Killed Dowan
  5941 | D:6      | Reached skill level 5 in Armour
  5957 | D:6      | Killed Duvessa
  6042 | D:6      | Reached skill level 1 in Shields
  6103 | D:6      | Reached XP level 9. HP: 46/55 MP: 5/9
  6779 | D:7      | Reached skill level 8 in Axes
  7513 | D:7      | HP: 2/57 [yak (2)]
  7515 | D:7      | Slain by a yak

Illustrated notes

Levels and vault maps discovered:
D:1:      psy_arrival_statuary, layout_rooms, shapermc_ecumenical_altar_venn,
          minmay_door_square
D:2:      layout_loops_corners
D:3:      layout_basic, gammafunk_ghost_grave
D:4:      layout_basic, serial_glass, glass_columns_a, glass_columns_a,
          minmay_strange_pillars, serial_bayou_lagoon_b, uniq_natasha,
          uniq_robin
D:5:      layout_loops_cross, mainiacjoe_overflow_surrounded_room,
          nicolae_uskayaw_en_pointe, uniq_eustachio
D:6:      layout_rooms, minmay_temple_entry_stoned_glass, uniq_sigmund,
          uniq_duvessa
D:7:      layout_loops_cross, grunt_nemelex_the_gamble,
          lemuel_coloured_pillars_altar, cheibriados_altar_1, minivault_10,
          kennysheep_windowed_goal

Skill      XL: |  1  2  3  4  5  6  7  8  9 |
---------------+----------------------------+-----
Axes           | 3 4 5 6 7 8 |  8.5
Fighting       | 4 5 6 7 |  7.1
Armour         | 1 2 4 5 |  5.3
Dodging        | 3 4 |  4.4
Evocations     | 1 |  1.5
Stealth        | 3 |  3.5
Shields        | 1 2 |  2.2

Action                   |  1- 3 |  4- 6 |  7- 9 || total
-------------------------+-------+-------+-------++-------
Melee: Hand axe          |   113 |   145 |   387 ||   645
       Punch             |       |     3 |       ||     3
Evoke: Wand              |     2 |     1 |    10 ||    13
  Use: Scroll            |     2 |     6 |    10 ||    18
       Potion            |       |     1 |     5 ||     6
 Stab: Sleeping          |       |       |     1 ||     1
Armor: Robe              |     1 |       |       ||     1
       Chain mail        |    67 |   106 |    63 ||   236
       Leather armour    |       |       |   114 ||   114
Dodge: Dodged            |    49 |    59 |   246 ||   354
Block: Buckler           |       |       |    58 ||    58

Table legend: (Time is in decaauts)
 A = Elapsed time spent in this place.
 B = Non-inter-level travel time spent in this place.
 C = Inter-level travel time spent in this place.
 D = Time resting spent in this place.
 E = Time spent auto-exploring this place.
 F = Levels seen in this place.
 G = Mean time per level.
                   A        B        C        D        E       F      G
               +--------+--------+--------+--------+--------+-----+--------+
         Total |   7542 |   7542 |      0 |   2662 |      0 |   7 | 1077.4 |
       Dungeon |   7542 |   7542 |      0 |   2662 |      0 |   7 | 1077.4 |
               +--------+--------+--------+--------+--------+-----+--------+

Top non-repeatable levels by time:
     D:4: 1491 daAuts
     D:5: 1148 daAuts
     D:1: 1144 daAuts
     D:6: 1112 daAuts
     D:2: 1081 daAuts
     D:3: 814 daAuts
     D:7: 750 daAuts
